 Dungeon Crawl Stone Soup version 0.31.0-9-g3a7656b989 (webtiles) character file.

Game seed: 15675861374785250175

764 qw the Shooter (level 7, -5/35 HPs)
             Began as a Spriggan Hunter on Feb 2, 2024.
             Was an Initiate of Okawaru.
             Slain by an ice beast (11 damage)
             ... on level 6 of the Dungeon.
             The game lasted 00:00:24 (4584 turns).

qw the Shooter (Spriggan Hunter)                    Turns: 4584, Time: 00:00:25

Health: -5/35      AC:  4    Str:  7    XL:     7   Next: 51%
Magic:  8/8        EV: 22    Int: 11    God:    Okawaru [......]
Gold:   221        SH:  0    Dex: 20    Spells: 6/6 levels left

rFire   + . .        a - +0 shortbow
rCold   . . .        (shield currently unavailable)
rNeg    . . .        j - +1 robe {rF+}
rPois   .            (helmet restricted)
rElec   .            e - +0 cloak
rCorr   .            (gloves unavailable)
SInv    +            (boots unavailable)
Will    +....        d - amulet of faith
Stlth   ++           (no ring)
HPRegen 0.25/turn    (no ring)
MPRegen 0.11/turn

%: faith
@: very quick
A: very small, no large weapons, unfitting armour, see invisible, speed 3
a: Renounce Religion


You were on level 6 of the Dungeon.
You worshipped Okawaru.
Okawaru was noncommittal.
You visited 2 branches of the dungeon, and saw 7 of its levels.

You collected 221 gold pieces.


Innate Abilities, Weirdness & Mutations

You are very small and have problems with some larger weapons.
You are too small for most types of armour.
You have supernaturally acute eyesight. (SInv)
You cover ground extremely quickly. (Speed+++)


   Skills:
 - Level 2.1 Fighting
 + Level 7.6 Ranged Weapons
 - Level 7.1 Dodging
 - Level 1.5 Stealth


You had 6 spell levels left.
You didn't know any spells.
Your spell library was empty.

Inventory:

Hand Weapons
 a - a +0 shortbow (weapon)
Armour
 e - a +0 cloak (worn)
 j - a +1 robe of fire resistance (worn)
Jewellery
 b - a ring of fire
 d - an amulet of faith (around neck)
Wands
 k - a wand of flame (39)
 n - a wand of charming (7)
Potions
 f - a potion of haste
 i - a potion of curing
 l - a potion of might {unknown}
 m - a potion of ambrosia {unknown}

Dungeon Overview and Level Annotations

Branches:
Dungeon (6/15)             Temple (1/1) D:5

Altars:
Cheibriados
Nemelex Xobeh
Okawaru
Qazlal
Sif Muna
Trog
Uskayaw
Vehumet
Wu Jian
Yredelemnul

Annotations:
D:2 1 runed translucent door, Crazy Yiuf
D:4 3 runed translucent doors, qw's ghost, amateur DEHu


Message History

HP restored.
You climb downwards.
There is a stone staircase leading up, spattered with blood here.
Found a robe.
An ice beast comes into view.
You shoot an arrow. The arrow hits the ice beast.
The ice beast is lightly wounded.
You shoot an arrow. The arrow closely misses the ice beast.
The centaur shoots an arrow.
The arrow barely misses you.
The centaur shoots an arrow.
The arrow hits you!
You shoot an arrow. The arrow hits the centaur.
The centaur is heavily wounded.
The centaur shoots an arrow.
The arrow hits you!
The centaur shoots an arrow.
The arrow barely misses you.
You shoot an arrow.
The arrow hits the centaur but does no damage.
The centaur is heavily wounded.
The centaur shoots an arrow.
The arrow misses you.
You shoot an arrow. The arrow hits the ice beast.
The ice beast is moderately wounded.
The centaur shoots an arrow.
The arrow completely misses you.
You shoot an arrow. The arrow hits the ice beast.
The ice beast is moderately wounded.
The centaur shoots an arrow.
The arrow completely misses you.
You shoot an arrow. The arrow closely misses the ice beast.
The centaur shoots an arrow.
The arrow hits you.
The ice beast hits you but does no damage.
The centaur shoots an arrow.
The arrow hits you.
You shoot an arrow. The arrow closely misses the ice beast.
The ice beast closely misses you.
You shoot an arrow.
The arrow hits the ice beast but does no damage.
The ice beast is moderately wounded.
The centaur shoots an arrow.
The arrow misses you.
The centaur shoots an arrow.
The arrow completely misses you. The ice beast closely misses you.
You shoot an arrow. The arrow hits the ice beast.
The ice beast is heavily wounded.
The centaur shoots an arrow.
The arrow misses you. The ice beast hits you. The ice beast freezes you!
You die...

#...####.####.#.)..
##.## #............
#.# ##.######!...
#c# #.# ###.. #.#
#.# ###.. #.# #.#
#.... #.#
#.######.... #.#
#.##........
#@#####.##.###....
#.Y......#.###....
#..#...#.....###..
#..#.....###.# #..
.[.......# #.# #..
##....#..# #.# ..
......#..# #.# .
##.......# #.# ..
....# #.#


You could see an ice beast and a centaur.

Vanquished Creatures
  A black bear (D:5)
  A bullfrog (D:3)
  2 scorpions (D:5)
  A bombardier beetle (D:5)
  2 hounds
  2 orc priests (D:5)
  Jessica (D:2)
  Ijyb (D:5)
  Natasha (twice) (D:2)
  An iguana (D:5)
  2 orc wizards
  4 adders
  A shadow imp (D:5)
  6 dart slugs
  2 ribbon worms
  15 orcs
  4 endoplasms
  3 giant cockroaches
  10 goblins
  5 hobgoblins
  8 jackals
  6 kobolds
  6 quokkas
  8 ball pythons
  6 bats
  3 frilled lizards
  12 rats
115 creatures vanquished.

Notes
Turn   | Place    | Note
-------+----------+-------------------------------------------
     0 | D:1      | qw the Spriggan Hunter began the quest for the Orb.
     0 | D:1      | Reached XP level 1. HP: 10/10 MP: 2/2
     0 | D:1      | 0 ||| qw: Version: 0.3-a-155-g5e7d8dd
     0 | D:1      | 0 ||| qw: Game counter: 1276
     0 | D:1      | 0 ||| qw: Melee chars always use a shield: true
     0 | D:1      | 0 ||| qw: God list: Okawaru
     0 | D:1      | 0 ||| qw: Allow faded altars: false
     0 | D:1      | 0 ||| qw: Do Orc after clearing Dungeon:15 true
     0 | D:1      | 0 ||| qw: Do second Lair branch before Depths: true
     0 | D:1      | 0 ||| qw: Lair rune preference: random
     0 | D:1      | 0 ||| qw: Goals: Normal
     0 | D:1      | 0 ||| PLANNING D:1-11
     6 | D:1      | Noticed an anaconda
     6 | D:1      | Noticed a komodo dragon
     6 | D:1      | Noticed a six-headed hydra
     7 | D:1      | Noticed a lindwurm
     7 | D:1      | Noticed a polar bear
    37 | D:1      | Reached skill level 3 in Dodging
   142 | D:1      | Reached XP level 2. HP: 14/14 MP: 3/3
   258 | D:1      | 258 ||| UPGRADING to +0 cloak.
   263 | D:1      | 263 ||| READING scroll labelled ELYOFOWN PIMI.
   264 | D:1      | 264 ||| READING scroll labelled EREULUTENE.
   265 | D:1      | 265 ||| DROPPING scroll of butterflies.
   296 | D:1      | Reached XP level 3. HP: 18/18 MP: 4/4
   633 | D:1      | 633 ||| READING scroll labelled CEUNEN PULUN.
   633 | D:1      | 633 ||| IDENTIFYING puce potion
   634 | D:1      | 634 ||| DROPPING potion of degeneration.
   738 | D:2      | Noticed Natasha
   747 | D:2      | HP: 3/18 [Natasha (4)]
   748 | D:2      | Killed Natasha
   749 | D:2      | Reached XP level 4. HP: 4/22 MP: 5/5
   994 | D:2      | Noticed Jessica
   996 | D:2      | Killed Jessica
  1013 | D:2      | Noticed Natasha
  1047 | D:2      | Killed Natasha
  1066 | D:2      | Reached XP level 5. HP: 26/26 MP: 6/6
  1414 | D:2      | Found a runed translucent door.
  1415 | D:2      | Noticed Crazy Yiuf
  1668 | D:2      | 1668 ||| UPGRADING to +1 robe of fire resistance.
  1678 | D:2      | 1678 ||| DROPPING +0 robe.
  1679 | D:2      | 1679 ||| READING scroll of identify.
  1679 | D:2      | 1679 ||| IDENTIFYING sapphire potion
  1680 | D:2      | 1680 ||| READING scroll labelled JALADI BIDWOMN.
  1681 | D:2      | 1681 ||| READING scroll labelled HUTEEWN ZITE.
  1685 | D:2      | 1685 ||| Stepping ~*~*~tactically~*~*~ (cloud).
  1692 | D:2      | HP: 6/26 [poisoned by you (poison gas)]
  1993 | D:3      | Found a stormy altar of Qazlal.
  2382 | D:3      | Reached skill level 6 in Ranged Weapons
  2383 | D:3      | Reached XP level 6. HP: 30/30 MP: 7/7
  2480 | D:3      | 2480 ||| READING scroll of identify.
  2480 | D:3      | 2480 ||| IDENTIFYING white potion
  2481 | D:3      | 2481 ||| READING scroll labelled DUTHRERINGU.
  2482 | D:3      | 2482 ||| DRINKING 2 sedimented inky potions.
  2483 | D:3      | 2483 ||| DRINKING 2 clear potions.
  2484 | D:3      | 2484 ||| DROPPING potion of brilliance.
  2510 | D:4      | 2510 ||| STAIRDANCE
  2515 | D:4      | 2515 ||| STAIRDANCE
  2567 | D:4      | 2567 ||| STAIRDANCE
  2675 | D:4      | Noticed qw's ghost (amateur DEHu)
  2675 | D:4      | Noticed an ice beast
  2798 | D:4      | Found a runed translucent gate.
  2799 | D:4      | Found a runed translucent gate.
  2814 | D:4      | Found an ornate altar of the Wu Jian Council.
  2822 | D:4      | Found a shimmering blue altar of Sif Muna.
  2829 | D:4      | Found a runed translucent gate.
  3078 | D:5      | Entered Level 5 of the Dungeon
  3079 | D:5      | 3079 ||| PLANNING SEWER
  3082 | D:5      | 3082 ||| STAIRDANCE
  3090 | D:5      | 3090 ||| STAIRDANCE
  3100 | D:5      | 3100 ||| STAIRDANCE
  3132 | D:5      | Reached skill level 6 in Dodging
  3270 | D:5      | HP: 6/30 [orc wizard/magic dart (2)]
  3271 | D:5      | 3271 ||| DRINKING potion of heal wounds.
  3330 | D:5      | Found a staircase to the Ecumenical Temple.
  3351 | D:5      | Reached XP level 7. HP: 27/35 MP: 8/8
  3603 | D:5      | Noticed Ijyb
  3610 | D:5      | Killed Ijyb
  3661 | D:5      | 3661 ||| FLEEEEING.
  3662 | D:5      | 3662 ||| FLEEEEING.
  3663 | D:5      | 3663 ||| FLEEEEING.
  3664 | D:5      | 3664 ||| FLEEEEING.
  3665 | D:5      | 3665 ||| FLEEEEING.
  3666 | D:5      | 3666 ||| FLEEEEING.
  3667 | D:5      | 3667 ||| FLEEEEING.
  3668 | D:5      | 3668 ||| FLEEEEING.
  3671 | D:5      | 3671 ||| FLEEEEING.
  3672 | D:5      | 3672 ||| FLEEEEING.
  3673 | D:5      | 3673 ||| FLEEEEING.
  3674 | D:5      | 3674 ||| FLEEEEING.
  3677 | D:5      | 3677 ||| FLEEEEING.
  3678 | D:5      | 3678 ||| FLEEEEING.
  3679 | D:5      | 3679 ||| FLEEEEING.
  3680 | D:5      | 3680 ||| FLEEEEING.
  3681 | D:5      | 3681 ||| FLEEEEING.
  3683 | D:5      | 3683 ||| FLEEEEING.
  3684 | D:5      | 3684 ||| FLEEEEING.
  3685 | D:5      | 3685 ||| FLEEEEING.
  3686 | D:5      | 3686 ||| FLEEEEING.
  3689 | D:5      | 3689 ||| FLEEEEING.
  3690 | D:5      | 3690 ||| FLEEEEING.
  3691 | D:5      | 3691 ||| FLEEEEING.
  3692 | D:5      | 3692 ||| STAIRDANCE
  3794 | D:4      | 3794 ||| UPGRADING to amulet of faith.
  3799 | D:4      | 3799 ||| READING scroll labelled GUTSILIRAA.
  3900 | D:4      | 3900 ||| READING scroll labelled TUROGE POELIOTS.
  3949 | D:5      | 3949 ||| RIP SEWER
  3949 | D:5      | 3949 ||| PLANNING TEMPLE
  3971 | Temple   | Entered the Ecumenical Temple
  3972 | Temple   | 3972 ||| PLANNING OKAWARU WORSHIP
  3982 | Temple   | Became a worshipper of Warmaster Okawaru
  3983 | Temple   | 3983 ||| PLANNING D:1-11
  4168 | D:5      | 4168 ||| READING scroll of identify.
  4168 | D:5      | 4168 ||| IDENTIFYING amethyst potion
  4169 | D:5      | 4169 ||| DROPPING potion of attraction.
  4355 | D:6      | 4355 ||| FLEEEEING.
  4356 | D:6      | 4356 ||| FLEEEEING.
  4357 | D:6      | 4357 ||| FLEEEEING.
  4358 | D:6      | 4358 ||| FLEEEEING.
  4360 | D:6      | 4360 ||| FLEEEEING.
  4361 | D:6      | 4361 ||| FLEEEEING.
  4362 | D:6      | 4362 ||| FLEEEEING.
  4363 | D:6      | 4363 ||| FLEEEEING.
  4364 | D:6      | 4364 ||| FLEEEEING.
  4366 | D:6      | 4366 ||| FLEEEEING.
  4367 | D:6      | 4367 ||| FLEEEEING.
  4368 | D:6      | 4368 ||| STAIRDANCE
  4368 | D:6      | HP: 7/35 [centaur/arrow (15)]
  4489 | D:6      | 4489 ||| STAIRDANCE
  4521 | D:6      | 4521 ||| STAIRDANCE
  4584 | D:6      | HP: 6/35 [ice beast (4)]
  4584 | D:6      | Slain by an ice beast

Levels and vault maps discovered:
D:1:      onia_arrival_zoo_common, layout_loops_ring, feat_on_display
D:2:      layout_basic, serial_bayou, serial_bayou_pond_d,
          serial_bayou_lagoon_b, serial_bayou_shore_b, serial_bayou_ford_a,
          serial_bayou_shore_b, serial_bayou_shore_b,
          nicolae_concentric_dashed_squares_mild, uniq_crazy_yiuf_cottage,
          uniq_jessica, uniq_natasha
D:3:      layout_loops_cross, mainiacjoe_overflow_24_doors, minmay_unequal
D:4:      layout_rooms, overflow_temple_1_default,
          mainiacjoe_overflow_small_starburst, gammafunk_ghost_icy
D:5:      layout_loops_cross, temple_doors_e,
          mainiacjoe_sewer_entry_somewhere_in_here_1, uniq_ijyb
D:6:      layout_loops_ring, lightli_temple_of_fire
Temple:   nicolae_temple_ecumenical_triangle

Skill      XL: |  1  2  3  4  5  6  7 |
---------------+----------------------+-----
Dodging        | 3 4 5 6 7 |  7.1
Ranged Weapons | 5 6 7 |  7.6
Fighting       | 2 |  2.1
Stealth        | |  1.5

Action                     |  1- 3 |  4- 6 |  7- 9 || total
---------------------------+-------+-------+-------++-------
   Fire: Shortbow          |    87 |   259 |    95 ||   441
    Use: Scroll            |     3 |     5 |     3 ||    11
         Potion            |       |     3 |       ||     3
 Armour: Robe              |     7 |    50 |    21 ||    78
  Dodge: Dodged            |    22 |   138 |    60 ||   220

Table legend:
 A = Non-vault XP
 B = Vault XP
 C = Vault XP percentage of total XP
 D = Non-vault monster count
 E = Vault monster count
 F = Vault count percentage of total count
                 A         B        C        D         E       F
            +---------+---------+-------+---------+---------+-------
      Total |     958 |     134 |  12.3 |     106 |       9 |   7.8
            +---------+---------+-------+---------+---------+-------
        D:1 |      49 |       0 |   0.0 |      28 |       0 |   0.0
        D:2 |      88 |      73 |  45.3 |      25 |       2 |   7.4
        D:3 |     178 |       5 |   2.7 |      22 |       2 |   8.3
        D:4 |      68 |       0 |   0.0 |      13 |       0 |   0.0
        D:5 |     530 |      56 |   9.6 |      16 |       5 |  23.8
        D:6 |      45 |       0 |   0.0 |       2 |       0 |   0.0
            +---------+---------+-------+---------+---------+-------
